AAA
LYNN PATRIOTS @ MOSCOW MULES
08/11/2059
 
TOP OF THE 1ST
Lynn Patriots batting - Pitching for Moscow Mules : RHP Sutton Briggs
Pitching: RHP Sutton Briggs
Batting: RHB Paxton Barnett 0-0: Ball
1-0: Foul Ball, location: 2F
1-1: Called Strike
1-2: Strikes out swinging
Batting: RHB Garret Hoffman 0-0: Foul Ball, location: 2F
0-1: Fly out, F3 (Popup, 23F, EV 81.2 MPH)
Batting: RHB Mike Thompson 0-0: SINGLE (Groundball, 6M, EV 109.4 MPH)
Batting: RHB Rodrick Madhubuti 0-0: Called Strike
0-1: Ball
1-1: Ball
2-1: Ball
3-1: Swinging Strike
3-2: Foul Ball, location: 2F
3-2: Fly out, F9 (Flyball, 9LSF, EV 89.4 MPH)
Top of the 1st over - 0 runs, 1 hit, 0 errors, 1 left on base; Lynn 0 - Moscow 0
BOTTOM OF THE 1ST
Moscow Mules batting - Pitching for Lynn Patriots : RHP Wyatt McManus
Pitching: RHP Wyatt McManus
Batting: RHB Donald Stringer 0-0: Ball
1-0: Called Strike
1-1: Ball
2-1: Ball
3-1: Called Strike
3-2: Foul Ball, location: 2F
3-2: Strikes out swinging
Batting: RHB Tyrone Smith 0-0: Foul Ball, location: 2F
0-1: Foul Ball, location: 2F
0-2: Ball
1-2: Foul Ball, location: 2F
1-2: Ball
2-2: Fly out, F8 (Flyball, 8LM, EV 93.1 MPH)
Batting: LHB Billy Collins 0-0: Foul Ball, location: 2F
0-1: Foul Ball, location: 2F
0-2: Ball
1-2: SINGLE (Line Drive, 9S, EV 91.2 MPH)
Batting: LHB Brian Washington 0-0: Called Strike
0-1: Called Strike
0-2: Ball
1-2: Ball
2-2: Ball
3-2: Base on Balls
Billy Collins to second
Batting: RHB Shawn Douglas 0-0: Ball
1-0: Called Strike
1-1: Fielders Choice at 2nd, 6-4 (Groundball, 6, EV 80.6 MPH)
Bottom of the 1st over - 0 runs, 1 hit, 0 errors, 2 left on base; Lynn 0 - Moscow 0
TOP OF THE 2ND
Lynn Patriots batting - Pitching for Moscow Mules : RHP Sutton Briggs
Batting: LHB Deshaun Hone 0-0: Ball
1-0: Ball
2-0: Foul Ball, location: 2F
2-1: Foul Ball, location: 2F
2-2: Foul Ball, location: 2F
2-2: Fly out, F9 (Flyball, 89M, EV 75.6 MPH)
Batting: RHB Amani Hansen 0-0: Ball
1-0: Called Strike
1-1: Foul Ball, location: 2F
1-2: Strikes out swinging
Batting: LHB Chase Corman 0-0: Ball
1-0: Ball
2-0: Ball
3-0: Called Strike
3-1: Called Strike
3-2: Base on Balls
Batting: RHB Scottie Viele 0-0: Foul Ball, location: 2F
0-1: Hit by Pitch
Chase Corman to second
Batting: RHB O.K. Emelyantsev 0-0: Ball
1-0: Called Strike
1-1: Ball
2-1: Swinging Strike
2-2: SINGLE (Groundball, 6MD, EV 95.6 MPH)
Chase Corman to third
Scottie Viele to second
Runner from 3rd tries for Home, SAFE, throw by CF to home
Batting: RHB Paxton Barnett 0-0: Ball
1-0: Called Strike
1-1: Called Strike
1-2: Ball
2-2: Strikes out swinging
Top of the 2nd over - 1 run, 1 hit, 0 errors, 2 left on base; Lynn 1 - Moscow 0
BOTTOM OF THE 2ND
Moscow Mules batting - Pitching for Lynn Patriots : RHP Wyatt McManus
Batting: LHB Colton Boose 0-0: Called Strike
0-1: Ball
1-1: Called Strike
1-2: Ball
2-2: Foul Ball, location: 2F
2-2: Ball
3-2: Ground out 6-3 (Groundball, 6M, EV 109.4 MPH)
Batting: LHB Austin Anderson 0-0: Foul Ball, location: 2F
0-1: Ball
1-1: Called Strike
1-2: Fly out, F9 (Flyball, 89XD, EV 93.8 MPH)
Batting: RHB DeAndrae Sainovic 0-0: Ball
1-0: Ball
2-0: Called Strike
2-1: Swinging Strike
2-2: Fly out, F3 (Popup, 3L, EV 75.6 MPH)
Bottom of the 2nd over - 0 runs, 0 hits, 0 errors, 0 left on base; Lynn 1 - Moscow 0
TOP OF THE 3RD
Lynn Patriots batting - Pitching for Moscow Mules : RHP Sutton Briggs
Batting: RHB Garret Hoffman 0-0: Ball
1-0: Foul Ball, location: 2F
1-1: Foul Ball, location: 2F
1-2: Ball
2-2: SINGLE (Groundball, 5D, EV 93.8 MPH)
Batting: RHB Mike Thompson 0-0: Ball
1-0: Called Strike
1-1: Swinging Strike
1-2: Ball
2-2: Strikes out swinging
Batting: RHB Rodrick Madhubuti 0-0: Called Strike
0-1: Foul Ball, location: 2F
0-2: Foul Ball, location: 2F
0-2: Strikes out looking
Batting: LHB Deshaun Hone 0-0: Ball
1-0: Fly out, F8 (Flyball, 8RM, EV 89.4 MPH)
Top of the 3rd over - 0 runs, 1 hit, 0 errors, 1 left on base; Lynn 1 - Moscow 0
BOTTOM OF THE 3RD
Moscow Mules batting - Pitching for Lynn Patriots : RHP Wyatt McManus
Batting: RHB Cole Rega 0-0: Called Strike
0-1: Swinging Strike
0-2: Foul Ball, location: 2F
0-2: Ball
1-2: Ball
2-2: Fly out, F8 (Flyball, 8LD, EV 88.1 MPH)
Batting: RHB Donald Stringer 0-0: SINGLE (Groundball, 6MD, EV 94.4 MPH)
Batting: RHB Tyrone Smith 0-0: Called Strike
0-1: Foul Ball, location: 2F
0-2: Ball
1-2: Fly out, F7 (Flyball, 7, EV 94.4 MPH)
Batting: LHB Billy Collins 0-0: Ball
1-0: Ball
2-0: Foul Ball, location: 2F
2-1: Ball
3-1: Ground out 4-3 (Groundball, 4, EV 85.6 MPH)
Bottom of the 3rd over - 0 runs, 1 hit, 0 errors, 1 left on base; Lynn 1 - Moscow 0
TOP OF THE 4TH
Lynn Patriots batting - Pitching for Moscow Mules : RHP Sutton Briggs
Batting: RHB Amani Hansen 0-0: Fly out, F5 (Popup, 56, EV 65.0 MPH)
Batting: LHB Chase Corman 0-0: Swinging Strike
0-1: Swinging Strike
0-2: Foul Ball, location: 2F
0-2: Ball
1-2: Ball
2-2: Ball
3-2: Strikes out swinging
Batting: RHB Scottie Viele 0-0: Ground out U3 (Groundball, 34S, EV 79.4 MPH)
Top of the 4th over - 0 runs, 0 hits, 0 errors, 0 left on base; Lynn 1 - Moscow 0
BOTTOM OF THE 4TH
Moscow Mules batting - Pitching for Lynn Patriots : RHP Wyatt McManus
Batting: LHB Brian Washington 0-0: Called Strike
0-1: Ball
1-1: Swinging Strike
1-2: Fly out, F7 (Flyball, 7S, EV 88.1 MPH)
Batting: RHB Shawn Douglas 0-0: Called Strike
0-1: Foul Ball, location: 2F
0-2: Ball
1-2: Ball
2-2: Ground out 6-3 (Groundball, 6, EV 104.4 MPH)
Batting: LHB Colton Boose 0-0: Swinging Strike
0-1: Called Strike
0-2: Strikes out looking
Bottom of the 4th over - 0 runs, 0 hits, 0 errors, 0 left on base; Lynn 1 - Moscow 0
TOP OF THE 5TH
Lynn Patriots batting - Pitching for Moscow Mules : RHP Sutton Briggs
Batting: RHB O.K. Emelyantsev 0-0: Fly out, F9 (Flyball, 9LM, EV 95.6 MPH)
Batting: RHB Paxton Barnett 0-0: Ball
1-0: Called Strike
1-1: Foul Ball, location: 2F
1-2: Strikes out swinging
Batting: RHB Garret Hoffman 0-0: Ball
1-0: Ground out 5-3 (Groundball, 25, EV 66.2 MPH)
Top of the 5th over - 0 runs, 0 hits, 0 errors, 0 left on base; Lynn 1 - Moscow 0
BOTTOM OF THE 5TH
Moscow Mules batting - Pitching for Lynn Patriots : RHP Wyatt McManus
Batting: LHB Austin Anderson 0-0: Ball
1-0: Swinging Strike
1-1: SINGLE (Line Drive, 8RS, EV 108.8 MPH)
Batting: RHB DeAndrae Sainovic 0-0: Swinging Strike
0-1: Ball
1-1: Foul Ball, location: 2F
1-2: Ball
2-2: TRIPLE (Groundball, 3L, EV 98.1 MPH)
Austin Anderson scores
Batting: RHB Cole Rega 0-0: Foul Ball, location: 2F
0-1: Ground out 6-3 (Groundball, 6S, EV 62.5 MPH)
DeAndrae Sainovic scores
Batting: RHB Donald Stringer 0-0: Swinging Strike
0-1: Ball
1-1: Ball
2-1: Swinging Strike
2-2: Ground out 3-1 (Groundball, 34S, EV 66.2 MPH)
Batting: RHB Tyrone Smith 0-0: Foul Ball, location: 2F
0-1: Ball
1-1: Ground out 4-3 (Groundball, 4MS, EV 85.0 MPH)
Bottom of the 5th over - 2 runs, 2 hits, 0 errors, 0 left on base; Lynn 1 - Moscow 2
TOP OF THE 6TH
Lynn Patriots batting - Pitching for Moscow Mules : RHP Sutton Briggs
Batting: RHB Mike Thompson 0-0: Ball
1-0: Ball
2-0: SINGLE (Groundball, 6MD, EV 98.8 MPH)
Batting: RHB Rodrick Madhubuti 0-0: Ball
1-0: Called Strike
1-1: Foul Ball, location: 2F
1-2: Ball
2-2: Foul Ball, location: 2F
2-2: Foul Ball, location: 2F
2-2: Strikes out looking
Batting: LHB Deshaun Hone 0-0: Swinging Strike
0-1: Swinging Strike
0-2: Foul Ball, location: 2F
0-2: Ball
1-2: DOUBLE (Line Drive, 78D, EV 106.2 MPH)
Mike Thompson to third
Batting: RHB Amani Hansen 0-0: Called Strike
0-1: Ball
1-1: Ball
2-1: Foul Ball, location: 2F
2-2: Ball
3-2: DOUBLE (Line Drive, 8RXD, EV 102.5 MPH)
Mike Thompson scores
Deshaun Hone scores
Batting: LHB Chase Corman 0-0: Ball
1-0: Called Strike
1-1: Ball
2-1: Swinging Strike
2-2: Strikes out swinging
Batting: RHB Scottie Viele 0-0: Ball
1-0: Foul Ball, location: 2F
1-1: Foul Ball, location: 2F
1-2: Foul Ball, location: 2F
1-2: SINGLE (Groundball, 6MD, EV 110.6 MPH)
Amani Hansen to third
Runner from 3rd tries for Home, SAFE, throw by CF to home
Scottie Viele to second
Batting: RHB O.K. Emelyantsev 0-0: Ball
1-0: Ball
2-0: Ball
3-0: Called Strike
3-1: Base on Balls
Pitching: RHP Gary Richardson
Batting: RHB Paxton Barnett 0-0: Called Strike
0-1: Ball
1-1: Ball
2-1: Fly out, F7 (Line Drive, 7LS, EV 89.4 MPH)
Top of the 6th over - 3 runs, 4 hits, 0 errors, 2 left on base; Lynn 4 - Moscow 2
BOTTOM OF THE 6TH
Moscow Mules batting - Pitching for Lynn Patriots : RHP Wyatt McManus
Batting: LHB Billy Collins 0-0: Foul Ball, location: 2F
0-1: Ball
1-1: Foul Ball, location: 2F
1-2: Ground out U3 (Groundball, 13, EV 91.2 MPH)
Batting: LHB Brian Washington 0-0: Swinging Strike
0-1: Ball
1-1: Ball
2-1: Ball
3-1: Base on Balls
Batting: RHB Shawn Douglas 0-0: Foul Ball, location: 2F
0-1: Ball
1-1: Ball
2-1: Foul Ball, location: 2F
2-2: Foul Ball, location: 2F
2-2: Strikes out swinging
Batting: LHB Colton Boose 0-0: Called Strike
0-1: Foul Ball, location: 2F
0-2: Ball
1-2: Ball
2-2: Ball
3-2: Base on Balls
Brian Washington to second
Pitching: RHP Logan Gissendaner
Batting: LHB Austin Anderson 0-0: Foul Ball, location: 2F
0-1: Foul Ball, location: 2F
0-2: Strikes out swinging
Bottom of the 6th over - 0 runs, 0 hits, 0 errors, 2 left on base; Lynn 4 - Moscow 2
TOP OF THE 7TH
Lynn Patriots batting - Pitching for Moscow Mules : RHP Gary Richardson
Batting: RHB Garret Hoffman 0-0: Ball
1-0: Ground out 5-3 (Groundball, 56S, EV 82.5 MPH)
Batting: RHB Mike Thompson 0-0: Ball
1-0: Ball
2-0: Called Strike
2-1: Ball
3-1: Fly out, F7 (Flyball, 7, EV 80.6 MPH)
Batting: RHB Rodrick Madhubuti 0-0: Called Strike
0-1: Hit by Pitch
Batting: LHB Deshaun Hone 0-0: Called Strike
0-1: Ball
1-1: Fly out, F8 (Flyball, 8LD, EV 92.5 MPH)
Top of the 7th over - 0 runs, 0 hits, 0 errors, 1 left on base; Lynn 4 - Moscow 2
BOTTOM OF THE 7TH
Moscow Mules batting - Pitching for Lynn Patriots : RHP Logan Gissendaner
Batting: RHB DeAndrae Sainovic 0-0: Called Strike
0-1: Ball
1-1: Called Strike
1-2: Ball
2-2: Ball
3-2: Ground out 5-3 (Groundball, 56, EV 95.0 MPH)
Batting: RHB Cole Rega 0-0: Fly out, F6 (Flyball, 56D, EV 82.5 MPH)
Batting: RHB Donald Stringer 0-0: Ball
1-0: Called Strike
1-1: Ball
2-1: Ball
3-1: Reached on error, E4 (Groundball, 4, EV 84.4 MPH)
Batting: RHB Tyrone Smith 0-0: Ball
Donald Stringer steals 2nd, throwing error, E2
Donald Stringer to third
1-0: Ball
2-0: Ball
3-0: Called Strike
3-1: SINGLE (Line Drive, 56, EV 98.8 MPH)
Donald Stringer scores
Batting: LHB Billy Collins 0-0: Foul Ball, location: 2F
0-1: Ground out 4-3 (Groundball, 4, EV 106.9 MPH)
Bottom of the 7th over - 1 run, 1 hit, 2 errors, 1 left on base; Lynn 4 - Moscow 3
TOP OF THE 8TH
Lynn Patriots batting - Pitching for Moscow Mules : RHP Gary Richardson
Batting: RHB Amani Hansen 0-0: Ball
1-0: Foul Ball, location: 2F
1-1: Foul Ball, location: 2F
1-2: Ball
2-2: Foul Ball, location: 2F
2-2: Ground out 5-3 (Groundball, 56, EV 93.1 MPH)
Batting: LHB Chase Corman 0-0: Ball
1-0: Fly out, F8 (Flyball, 8RXD, EV 91.9 MPH)
Batting: RHB Scottie Viele 0-0: Hit by Pitch
Batting: RHB O.K. Emelyantsev 0-0: Ball
1-0: Ball
2-0: Ball
3-0: Called Strike
3-1: Foul Ball, location: 2F
3-2: SINGLE (Line Drive, 7S, EV 111.9 MPH)
Scottie Viele to second
Scottie Viele to third
Batting: RHB Paxton Barnett 0-0: SINGLE (Groundball, 6S, EV 68.1 MPH) (infield hit)
Scottie Viele scores
O.K. Emelyantsev to second
Batting: RHB Garret Hoffman 0-0: Called Strike
0-1: Ball
1-1: Fly out, F9 (Flyball, 89M, EV 90.0 MPH)
Top of the 8th over - 1 run, 2 hits, 0 errors, 2 left on base; Lynn 5 - Moscow 3
BOTTOM OF THE 8TH
Moscow Mules batting - Pitching for Lynn Patriots : RHP Logan Gissendaner
Batting: LHB Brian Washington 0-0: Ball
1-0: Ball
2-0: Foul Ball, location: 2F
2-1: Swinging Strike
2-2: Strikes out swinging
Batting: RHB Shawn Douglas 0-0: Ball
1-0: Fly out, F8 (Flyball, 8RM, EV 95.0 MPH)
Batting: LHB Colton Boose 0-0: Called Strike
0-1: Fly out, F6 (Line Drive, 6, EV 65.0 MPH)
Bottom of the 8th over - 0 runs, 0 hits, 0 errors, 0 left on base; Lynn 5 - Moscow 3
TOP OF THE 9TH
Lynn Patriots batting - Pitching for Moscow Mules : RHP Gary Richardson
Batting: RHB Mike Thompson 0-0: Ball
1-0: Foul Ball, location: 2F
1-1: Called Strike
1-2: Strikes out looking
Batting: RHB Rodrick Madhubuti 0-0: Ball
1-0: Ball
2-0: Ball
3-0: Base on Balls
Batting: LHB Deshaun Hone 0-0: Foul Ball, location: 2F
0-1: SINGLE (Line Drive, 7LS, EV 101.2 MPH)
Rodrick Madhubuti to second
Batting: RHB Amani Hansen 0-0: Ball
1-0: Called Strike
1-1: Ball
2-1: Foul Ball, location: 2F
2-2: Grounds into double play, 6-4-3 (Groundball, 6M, EV 83.1 MPH)
Top of the 9th over - 0 runs, 1 hit, 0 errors, 1 left on base; Lynn 5 - Moscow 3
BOTTOM OF THE 9TH
Moscow Mules batting - Pitching for Lynn Patriots : RHP Logan Gissendaner
Pitching: RHP Tommy Pitz
Now at 1B: Paxton Barnett
Now at 2B: Xavier Amaro
Batting: LHB Austin Anderson 0-0: Foul Ball, location: 2F
0-1: Ground out 5-3 (Groundball, 56, EV 91.2 MPH)
Batting: RHB DeAndrae Sainovic 0-0: Called Strike
0-1: Ball
1-1: DOUBLE (Line Drive, 89XD, EV 104.4 MPH)
Pinch Hitting: LHB Mort Wheeler 0-0: Ball
1-0: Swinging Strike
1-1: Ground out 3-1 (Groundball, 34, EV 80.6 MPH)
DeAndrae Sainovic to third
Batting: RHB Donald Stringer 0-0: Ball
1-0: Called Strike
1-1: Swinging Strike
1-2: Ball
2-2: Ball
3-2: Base on Balls
Batting: RHB Tyrone Smith 0-0: Ball
1-0: Swinging Strike
1-1: Ball
2-1: Foul Ball, location: 2F
2-2: Foul Ball, location: 2F
2-2: Foul Ball, location: 2F
2-2: Strikes out swinging
Bottom of the 9th over - 0 runs, 1 hit, 0 errors, 2 left on base; Lynn 5 - Moscow 3
Saturday, March 23rd , 2024 - OOTP Baseball 23.10 Build 110